AoeStats
← Chrisjohn09

Arabia

509888388Analyzed
2v2 RM · 4d ago on Sep 28, 2026· 40m 49s· 4 players
Game mode
Random Map
Map size
Medium (4 player)
Population
200
Speed
Normal
Resources
Standard
Victory
Conquest
Starting age
Dark Age
Ending age
Imperial Age
RankedLock teamsTeams togetherTeam positionsShared explorationLock speedFull tech treeHidden civsTurbo modeCheats
Victory
Defeat
🇧🇷 Huns · Brazil
642
+9
🇨🇱 Turks · Chile
537
+12
🇪🇸 Malians · Spain
485
-11
🇬🇧 Maya · United Kingdom
453
-10
JJCC
14:08 Feudal Age
14:38 Man-at-Arms
16:19 Double-Bit Axe
22:32 Castle Age
21:17 Horse Collar
21:29 Gold Mining
24:40 Wheelbarrow
30:54 Imperial Age
28:43 Hand Cart
32:06 Long Swordsman
36:22 Two-Handed Swordsman
41:36 Ballistics
41:28 Forging
41:19 Scale Mail Armor
41:24 Scale Barding Armor
lipelpimentel
10:20 Feudal Age
21:07 Castle Age
22:26 Wheelbarrow
21:37 Town Watch
23:38 Double-Bit Axe
25:56 Hand Cart
26:06 Husbandry
26:16 Bloodlines
25:27 Light Cavalry
26:27 Stone Mining
26:27 Gold Mining
26:52 Bow Saw
34:10 Imperial Age
33:25 Scale Barding Armor
33:21 Scale Mail Armor
37:04 Atheism
37:26 Capped Ram
37:36 Cavalier
Chrisjohn09
5:15 Loom
11:01 Feudal Age
11:46 Double-Bit Axe
15:31 Horse Collar
18:14 Castle Age
18:51 Wheelbarrow
19:07 Pikeman
23:12 Stone Mining
26:31 Bow Saw
26:23 Crossbowman
28:07 Fletching
28:19 Padded Archer Armor
35:30 Imperial Age
33:49 Bodkin Arrow
34:10 Leather Archer Armor
35:36 Hand Cart
35:40 Thumb Ring
35:38 Arbalester
37:11 Bracer
37:41 Ring Archer Armor
39:55 Halberdier
Pottaro
0:50 Loom
13:21 Feudal Age
14:41 Wheelbarrow
14:12 Double-Bit Axe
20:44 Forging
22:21 Arson
22:49 Horse Collar
24:13 Bloodlines
24:55 Scale Mail Armor
29:18 Castle Age
27:30 Fletching
27:49 Padded Archer Armor
30:36 Iron Casting
31:57 Squires
32:37 Hand Cart
32:12 Light Cavalry
33:11 Scale Barding Armor
34:51 Gold Mining
34:52 Stone Mining
36:21 Chain Mail Armor
37:27 Heavy Plow
37:56 Husbandry
38:31 Bodkin Arrow
Connection lost

Rejoining the realm…

Still unreachable

The connection could not be restored.

Session expired

The server has moved on; the page needs a fresh start.